[Event "Titled Tuesday Blitz May 30 Early 2023"]
[White "Bolourchifard, Farzad"]
[Black "Karas, Marek"]
[WhiteFideId "12510084"]
[BlackFideId "14928558"]
[WhiteElo "2317"]
[BlackElo "2233"]
[Result "1/2-1/2"]
[Round "04"]
[TimeControl "180+2"]
[Date "2023.05.30"]
[WhiteClock "0:00:10"]
[BlackClock "0:00:08"]

1. d4 Nf6 2. Nf3 g6 3. Bg5 Bg7 4. e3 O-O 5. Be2 d5 6. O-O Nbd7 7. Nbd2 Re8 8. h3 e5 9. dxe5 Nxe5 10. Nxe5 Rxe5 11. Nf3 Re8 12. c4 c6 13. cxd5 Qxd5 14. Bxf6 Qxd1 15. Raxd1 Bxf6 16. b4 Be6 17. a4 Red8 18. Nd2 Bc3 19. Nf3 Bxb4 20. Nd4 c5 21. Nxe6 fxe6 22. Bc4 Kf7 23. f3 Ke7 24. Kf2 Rxd1 25. Rxd1 b6 26. Kg3 Rf8 27. Kg4 Bc3 28. Rd3 Bg7 29. h4 Rf5 30. f4 Rf8 31. g3 e5 32. h5 exf4 33. gxf4 Rf6 34. Bb5 Rd6 35. hxg6 Rxg6+ 36. Kf5 Rf6+ 37. Kg5 h6+ 38. Kg4 Rd6 39. e4 Rxd3 40. Bxd3 Kd6 41. Kf5 h5 42. Bc4 h4 43. e5+ Ke7 44. Kg4 Bh6 45. f5 Bg7 46. f6+ Bxf6 47. exf6+ Kxf6 48. Kxh4 Ke5 49. Kg3 Kd4 50. Bf7 c4 51. Kf2 Kc3 52. Ke2 Kb4 53. Be8 Kb3 54. Kd1 Kb4 55. Kc2 a6 56. Bc6 b5 57. axb5 axb5 58. Be8 Kc5 59. Bf7 b4 60. Be8 b3+ 61. Kc3 b2 62. Kxb2 Kb4 63. Kc2 c3 64. Bf7 Kc5 65. Kxc3 1/2-1/2


[Site "https://www.chess.com"]

[Event "Titled Tuesday Blitz May 30 Early 2023"]
[White "Girya, Olga"]
[Black "Zheenbekov, Nurgazy"]
[WhiteFideId "4195752"]
[BlackFideId "13800485"]
[WhiteElo "2263"]
[BlackElo "1975"]
[Result "1-0"]
[Round "04"]
[TimeControl "180+2"]
[Date "2023.05.30"]
[WhiteClock "0:00:06"]
[BlackClock "0:00:00"]

1. d4 d5 2. c4 c6 3. Nf3 Nf6 4. Qb3 dxc4 5. Qxc4 Bg4 6. Nc3 Nbd7 7. Bf4 e6 8. e4 Be7 9. Be2 O-O 10. O-O Bh5 11. h3 Bg6 12. Qb3 Qb6 13. Nd2 Qxd4 14. Qxb7 Qb6 15. Qxb6 axb6 16. Rfd1 Nc5 17. f3 Nh5 18. Be3 e5 19. Nc4 Ng3 20. Nxe5 Nxe2+ 21. Nxe2 Rac8 22. Rac1 Bf6 23. Nxg6 hxg6 24. b3 Ra8 25. Rd2 Rfc8 26. Bxc5 bxc5 27. Rxc5 Rd8 28. Rxd8+ Rxd8 29. Rxc6 Rd2 30. Kf1 Rxa2 31. f4 Bb2 32. Rc8+ Kh7 33. Rc2 Ra1+ 34. Kf2 Ba3 35. Rc7 Bd6 36. Rxf7 Rb1 37. e5 Bc5+ 38. Kf3 Rxb3+ 39. Kg4 Re3 40. Ng3 Re1 41. f5 Rxe5 42. fxg6+ Kxg6 43. Rf5 Rxf5 44. Nxf5 Bb4 45. Nh4+ Kf6 46. Nf3 Bc5 47. Ng5 Bb6 48. Ne4+ Ke5 49. Nd2 Kf6 50. Ne4+ Kf7 51. Nc3 Bc7 52. Kf5 Bd6 53. Ne4 g6+ 54. Kg5 Be7+ 55. Kh6 Bf8+ 56. Kg5 Be7+ 57. Kf4 Bf8 58. Ng5+ Kf6 59. Nh7+ Kg7 60. Nxf8 Kxf8 61. Kg5 Kg7 62. g3 Kf7 63. Kh6 Kf6 64. g4 Kf7 65. g5 1-0


[Site "https://www.chess.com"]

[Event "Titled Tuesday Blitz May 30 Early 2023"]
[White "Makaraci, Tunahan"]
[Black "Heinemann, Josefine"]
[WhiteFideId "6356559"]
[BlackFideId "12900460"]
[WhiteElo "2160"]
[BlackElo "2342"]
[Result "1-0"]
[Round "04"]
[TimeControl "180+2"]
[Date "2023.05.30"]
[WhiteClock "0:01:38"]
[BlackClock "0:01:07"]

1. e4 c5 2. c3 d5 3. exd5 Qxd5 4. d4 Nf6 5. Nf3 e6 6. a3 cxd4 7. cxd4 Nc6 8. Nc3 Qd8 9. Be3 Be7 10. Bd3 O-O 11. O-O b6 12. Qe2 Bb7 13. Rad1 Rc8 14. Rfe1 Nd5 15. Nxd5 Qxd5 16. Bc4 Qh5 17. d5 Na5 18. Ba2 exd5 19. Bxb6 axb6 20. Qxe7 Ba8 21. Re5 Qh6 22. Bxd5 Bxd5 23. Rexd5 Nc4 24. Rd8 Rcxd8 25. Rxd8 g6 26. Ng5 Rxd8 27. Qxf7+ Kh8 28. Qf6+ Qg7 29. Qxd8+ Qg8 30. Qd4+ 1-0


[Site "https://www.chess.com"]

[Event "Titled Tuesday Blitz May 30 Early 2023"]
[White "Alexikov, Alexander"]
[Black "Agibileg, Uurtsaikh"]
[WhiteFideId "14103958"]
[BlackFideId "4901606"]
[WhiteElo "2186"]
[BlackElo "2353"]
[Result "0-1"]
[Round "04"]
[TimeControl "180+2"]
[Date "2023.05.30"]
[WhiteClock "0:00:00"]
[BlackClock "0:00:39"]

1. e4 c5 2. Nf3 e6 3. Nc3 Nc6 4. d4 cxd4 5. Nxd4 Nf6 6. Be2 Bb4 7. Nxc6 bxc6 8. e5 Nd5 9. Bd2 Nxc3 10. bxc3 Bc5 11. Bd3 d5 12. exd6 Qxd6 13. O-O O-O 14. Re1 e5 15. Qe2 Re8 16. Rad1 Qf6 17. Be3 Bxe3 18. Qxe3 Bf5 19. f3 h6 20. Qc5 a5 21. a4 Bh7 22. Re3 Qf4 23. Bxh7+ Kxh7 24. Re4 Qf6 25. Rd6 Qg5 26. Qe3 Qe7 27. Rxc6 Rad8 28. Rc5 Rd1+ 29. Kf2 Red8 30. Rexe5 R8d2+ 31. Kg3 Qd6 32. Qe4+ g6 33. f4 Rg1 34. Rcd5 Rgxg2+ 35. Qxg2 Rxg2+ 36. Kxg2 Qc6 0-1


[Site "https://www.chess.com"]

[Event "Titled Tuesday Blitz May 30 Early 2023"]
[White "Tologon tegin, Semetei"]
[Black "MKlose11"]
[WhiteFideId "13800574"]
[WhiteElo "2247"]
[BlackElo "2618"]
[Result "0-1"]
[Round "04"]
[TimeControl "180+2"]
[Date "2023.05.30"]
[WhiteClock "0:00:28"]
[BlackClock "0:02:13"]

1. e4 e6 2. d4 d5 3. e5 c5 4. c3 Nc6 5. Nf3 Qb6 6. Be2 f6 7. O-O fxe5 8. Nxe5 Nxe5 9. dxe5 c4 10. b3 cxb3 11. axb3 Bd7 12. Bh5+ g6 13. Bf3 Qc7 14. Re1 Bg7 15. Bf4 Ne7 16. h3 O-O 17. Bh2 a6 18. c4 dxc4 19. bxc4 Bc6 20. Nd2 Rad8 21. Qe2 Nf5 22. Bxc6 Qxc6 23. Nf3 Nd4 24. Nxd4 Rxd4 25. Rac1 Rfd8 26. c5 Bf8 27. Qb2 Bxc5 28. Bg3 b6 29. Qa2 a5 30. Kh2 Qd5 31. Qb1 a4 32. Bh4 Rxh4 0-1


[Site "https://www.chess.com"]

[Event "Titled Tuesday Blitz May 30 Early 2023"]
[White "iHateNAJDORF"]
[Black "Mogirzan, Matei-Valeriu"]
[BlackFideId "1257455"]
[WhiteElo "2598"]
[BlackElo "1733"]
[Result "1-0"]
[Round "04"]
[TimeControl "180+2"]
[Date "2023.05.30"]
[WhiteClock "0:01:08"]
[BlackClock "0:00:00"]

1. c4 Nf6 2. Nc3 c5 3. Nf3 b6 4. g3 Nc6 5. Bg2 Bb7 6. O-O g6 7. d4 cxd4 8. Nxd4 Bg7 9. b3 O-O 10. Bb2 Rc8 11. Rc1 Ba8 12. Nd5 Nxd5 13. Bxd5 Nxd4 14. Bxd4 Bxd5 15. Bxg7 Kxg7 16. Qxd5 d6 17. Rfd1 Qc7 18. h4 Qc5 19. Qe4 e6 20. Rc2 b5 21. Rd4 d5 22. Qe5+ f6 23. Qe3 bxc4 24. bxc4 dxc4 25. Rd7+ Rf7 26. Qxe6 Rf8 27. Rxc4 Qa3 28. Rcc7 Rxd7 29. Qxd7+ 1-0


[Site "https://www.chess.com"]

[Event "Titled Tuesday Blitz May 30 Early 2023"]
[White "Mamedov, Edgar"]
[Black "Harriott, Tyrell"]
[WhiteFideId "13739980"]
[BlackFideId "2086484"]
[WhiteElo "2317"]
[BlackElo "2107"]
[Result "1/2-1/2"]
[Round "04"]
[TimeControl "180+2"]
[Date "2023.05.30"]
[WhiteClock "0:00:06"]
[BlackClock "0:00:02"]

1. d4 d5 2. Nf3 e6 3. c4 c6 4. Nbd2 f5 5. g3 Bd6 6. Bg2 Nf6 7. O-O f4 8. gxf4 Bxf4 9. Ne5 Bxe5 10. dxe5 Ng4 11. Nf3 O-O 12. h3 Nh6 13. Bxh6 gxh6 14. Qd2 Kg7 15. Rad1 Na6 16. e4 Nc7 17. Kh2 Qe8 18. exd5 exd5 19. Rg1 Qh5 20. Rde1 Kh8 21. Qc3 Be6 22. Nd4 Rxf2 23. Nxe6 Nxe6 24. cxd5 cxd5 25. Qg3 Raf8 26. Kh1 R2f5 27. Bxd5 Rg5 28. Qc3 Qg6 29. Rxg5 hxg5 30. Qb4 Re8 31. Qd6 Qf5 32. Bxe6 Rxe6 33. Qb8+ Kg7 34. Qxb7+ Kh6 35. Qg2 Rxe5 36. Rf1 Qe6 37. Qf3 Re1 38. Rxe1 Qxe1+ 39. Kg2 Qd2+ 40. Qf2 Qd5+ 41. Kg3 Qe5+ 42. Kf3 Qf6+ 43. Kg3 Qe5+ 44. Kg2 Qd5+ 45. Kg3 Qxa2 46. Qf6+ Kh5 47. Qc3 Qf7 48. Qe5 Kg6 49. Qd6+ Qf6 50. Qd3+ Kg7 51. Qd7+ Qf7 52. Qd4+ Kg6 53. Qe4+ Kh6 54. Qc6+ Kh5 55. Qc3 h6 56. Qd3 Qf4+ 57. Kg2 Kh4 58. b3 g4 59. hxg4 Qxg4+ 60. Kh2 Qf4+ 61. Kg2 Kg5 62. Qd5+ Kf6 63. Qc6+ Kf5 64. Qd7+ Kg5 65. Qxa7 Qd2+ 66. Kh3 Qd3+ 67. Kg2 Qxb3 68. Qc5+ Kg6 69. Qd6+ Kf7 70. Qxh6 Qc2+ 71. Kg3 Qd3+ 72. Kh2 Qe2+ 73. Kg3 Qe1+ 74. Kg2 Qe2+ 75. Kg3 Qe1+ 76. Kg2 Qe4+ 77. Kf2 Qf5+ 78. Kg3 Qd3+ 79. Kf2 Qc2+ 80. Kg3 Qb3+ 81. Kf2 Qb2+ 82. Kg3 Qc3+ 83. Kh4 Qf3 84. Qh5+ Qxh5+ 85. Kxh5 1/2-1/2


[Site "https://www.chess.com"]

[Event "Titled Tuesday Blitz May 30 Early 2023"]
[White "Schuh, Karsten"]
[Black "Mathieu, Phileas"]
[WhiteFideId "4637950"]
[BlackFideId "36048410"]
[WhiteElo "2138"]
[BlackElo "2241"]
[Result "1-0"]
[Round "04"]
[TimeControl "180+2"]
[Date "2023.05.30"]
[WhiteClock "0:01:16"]
[BlackClock "0:00:05"]

1. Nf3 Nf6 2. c4 e6 3. g3 b6 4. Bg2 Bb7 5. O-O c5 6. Nc3 Nc6 7. b3 Be7 8. Bb2 O-O 9. e3 Rc8 10. Qe2 Qc7 11. Rfd1 Rfd8 12. Rac1 Qb8 13. d4 cxd4 14. exd4 d5 15. cxd5 Nxd5 16. Ne4 h6 17. Ne5 Nxe5 18. dxe5 Qa8 19. Rxc8 Rxc8 20. Nd6 Bxd6 21. exd6 Rd8 22. Qg4 f6 23. Qxe6+ Kh8 24. Bxd5 Bxd5 25. Qxd5 Qc8 26. d7 Qc2 27. Qd2 Qe4 28. Re1 Qa8 29. Qd6 Kh7 30. Qd3+ Kh8 31. Qg6 Rg8 32. Re8 Qd5 33. Rxg8+ Kxg8 34. Qe8+ Kh7 35. d8=Q 1-0


[Site "https://www.chess.com"]

[Event "Titled Tuesday Blitz May 30 Early 2023"]
[White "Ambartsumova, Karina"]
[Black "Goldin, Roman"]
[WhiteFideId "4166299"]
[BlackFideId "2803860"]
[WhiteElo "2240"]
[BlackElo "2312"]
[Result "1-0"]
[Round "04"]
[TimeControl "180+2"]
[Date "2023.05.30"]
[WhiteClock "0:00:04"]
[BlackClock "0:00:00"]

1. e4 Nc6 2. d4 e5 3. dxe5 Nxe5 4. f4 Ng6 5. Nf3 Bc5 6. Nc3 Qe7 7. Bd3 c6 8. Qe2 d6 9. Be3 Bxe3 10. Qxe3 Nf6 11. O-O O-O 12. Rae1 Re8 13. Qd2 Qc7 14. a4 Qb6+ 15. Kh1 Qxb2 16. Bc4 Qb4 17. Bb3 h6 18. e5 Nh5 19. exd6 Rxe1 20. Rxe1 Nhxf4 21. Re8+ Kh7 22. d7 Bxd7 23. Rxa8 Bg4 24. Rd8 Bxf3 25. gxf3 Qc5 26. Rd4 Qg5 27. Qf2 Nh3 28. Qg3 Qh5 29. Rd1 f5 30. Bf7 Ngf4 31. Bxh5 1-0


[Site "https://www.chess.com"]

[Event "Titled Tuesday Blitz May 30 Early 2023"]
[White "Llanos, Guillermo"]
[Black "Ismagilov, Damir"]
[WhiteFideId "100358"]
[BlackFideId "34199982"]
[WhiteElo "2225"]
[BlackElo "2143"]
[Result "0-1"]
[Round "04"]
[TimeControl "180+2"]
[Date "2023.05.30"]
[WhiteClock "0:00:00"]
[BlackClock "0:00:12"]

1. Nf3 c5 2. g3 g6 3. Bg2 Bg7 4. c4 b6 5. O-O Bb7 6. Nc3 Nf6 7. d4 cxd4 8. Qxd4 O-O 9. Qh4 d6 10. Bh6 Nbd7 11. Bxg7 Kxg7 12. b3 Rc8 13. Rad1 Rc5 14. Ng5 Bxg2 15. Kxg2 Qa8+ 16. Kg1 h6 17. Nf3 Ne5 18. Nxe5 Rxe5 19. Qd4 Rc8 20. Rd2 h5 21. Rfd1 h4 22. Nd5 Rh8 23. Nxf6 exf6 24. Qf4 hxg3 25. fxg3 Rhe8 26. Rf1 f5 27. Rf2 Qc6 28. Qd4 Qc5 29. Qxc5 dxc5 30. Kf1 R8e7 31. Rd6 R5e6 32. Rd5 Re3 33. Ke1 Re8 34. Kd2 R3e7 35. Rd6 Re6 36. Rd7 R8e7 37. Rd3 Re8 38. Rd5 Kf8 39. Rd7 R8e7 40. Rxe7 Kxe7 41. Rf3 Kf6 42. Rf4 g5 43. Rf3 g4 44. Rf4 Ke5 45. Kc3 Rd6 46. Kc2 Rd4 47. Rf2 Re4 48. Kd2 Kd4 49. Rf1 Ke5 50. e3 Ke6 51. Kd3 Kf6 52. Rb1 Re6 53. a3 Rd6+ 54. Ke2 Ke5 55. b4 Rc6 56. Rb2 Ke4 57. b5 Rd6 58. Rb3 Rd8 59. a4 Rh8 60. Kf1 Rxh2 61. Ra3 Rc2 62. a5 Rxc4 63. axb6 axb6 64. Ra7 Kf3 65. Ke1 Kxe3 66. Re7+ Re4 67. Rxf7 Kf3+ 68. Kd2 Kxg3 69. Rxf5 Rb4 70. Ke3 Rxb5 71. Rf1 Rb3+ 0-1


[Site "https://www.chess.com"]

[Event "Titled Tuesday Blitz May 30 Early 2023"]
[White "Rodriguez Santiago, Jaime"]
[Black "Terletsky, Oleg"]
[WhiteFideId "3100898"]
[BlackFideId "14116774"]
[WhiteElo "2025"]
[BlackElo "2084"]
[Result "0-1"]
[Round "04"]
[TimeControl "180+2"]
[Date "2023.05.30"]
[WhiteClock "0:01:06"]
[BlackClock "0:02:06"]

1. d4 Nf6 2. c4 g6 3. Nc3 Bg7 4. e4 d6 5. Bg5 O-O 6. Be2 Na6 7. Qd2 e5 8. d5 Nc5 9. f3 a5 10. g4 c6 11. dxc6 bxc6 12. Rd1 Ne6 13. Bh6 Nd4 14. Bxg7 Kxg7 15. h4 h5 16. g5 Nh7 17. b3 f6 18. gxf6+ Qxf6 19. Qe3 Nc2+ 0-1


[Site "https://www.chess.com"]

[Event "Titled Tuesday Blitz May 30 Early 2023"]
[White "Berezin, Viktor"]
[Black "Bashirli, Saadat"]
[WhiteFideId "14107872"]
[BlackFideId "13429990"]
[WhiteElo "2310"]
[BlackElo "1408"]
[Result "0-1"]
[Round "04"]
[TimeControl "180+2"]
[Date "2023.05.30"]
[WhiteClock "0:00:01"]
[BlackClock "0:00:41"]

1. d4 d5 2. c4 e6 3. Nf3 c6 4. Qc2 dxc4 5. Qxc4 b5 6. Qc2 Bb7 7. g3 Nd7 8. Bg2 a6 9. O-O Ngf6 10. a3 c5 11. dxc5 Bxc5 12. b4 Bb6 13. Bb2 O-O 14. Nc3 Rc8 15. Qb3 Qe7 16. e3 Ba7 17. Rac1 Nb6 18. Rfd1 Nc4 19. a4 Ng4 20. Nd4 Bxg2 21. Kxg2 Qb7+ 22. e4 Rfd8 23. Nce2 Nxb2 24. Qxb2 Rxc1 25. Rxc1 Qxe4+ 26. Kg1 Ne5 27. Rd1 Bxd4 28. Nxd4 Rxd4 29. Rxd4 Qxd4 30. Qc2 Nf3+ 31. Kg2 Ne1+ 0-1


[Site "https://www.chess.com"]

[Event "Titled Tuesday Blitz May 30 Early 2023"]
[White "agvania123"]
[Black "Begunov, Konstantin"]
[BlackFideId "4118510"]
[WhiteElo "2264"]
[BlackElo "2050"]
[Result "0-1"]
[Round "04"]
[TimeControl "180+2"]
[Date "2023.05.30"]
[WhiteClock "0:00:00"]
[BlackClock "0:00:09"]

1. Nf3 d5 2. g3 c6 3. Bg2 Bg4 4. O-O Nd7 5. d4 e6 6. c4 Bd6 7. Nbd2 f5 8. b3 Ngf6 9. Bb2 Qe7 10. Ne5 Bh5 11. Re1 Ne4 12. f3 Nxd2 13. Qxd2 Nxe5 14. dxe5 Bb4 15. Bc3 Qc5+ 16. Kh1 Bxc3 17. Qxc3 d4 18. Qb2 O-O-O 19. f4 g5 20. b4 Qxc4 21. Rac1 Qb5 22. Rc5 Qb6 23. fxg5 d3 24. exd3 Rxd3 25. a4 Bf3 26. a5 Bxg2+ 27. Kxg2 Qd8 28. Re2 Rd5 29. Qc3 a6 30. h4 Kb8 31. Rc2 Rd3 32. Qc4 Qd7 33. Qa2 Rd8 34. Re2 Qd4 0-1


[Site "https://www.chess.com"]

[Event "Titled Tuesday Blitz May 30 Early 2023"]
[White "Rustemov, Alexander"]
[Black "Cramling Bellon, Anna"]
[WhiteFideId "4119002"]
[BlackFideId "32009232"]
[WhiteElo "2822"]
[BlackElo "1976"]
[Result "1-0"]
[Round "04"]
[TimeControl "180+2"]
[Date "2023.05.30"]
[WhiteClock "0:00:07"]
[BlackClock "0:00:00"]

1. Nf3 c5 2. c4 Nc6 3. g3 g6 4. Bg2 Bg7 5. O-O d6 6. Nc3 e5 7. Ne1 Be6 8. Nd5 Nge7 9. Nc2 O-O 10. Nce3 f5 11. d3 Rb8 12. Bd2 b5 13. b3 e4 14. Rc1 bxc4 15. dxc4 Nd4 16. Nxe7+ Qxe7 17. Bc3 Be5 18. Bxd4 cxd4 19. Nc2 Qg7 20. Qd2 Rfc8 21. Rcd1 d5 22. cxd5 Bxd5 23. Nxd4 Rd8 24. e3 Bf7 25. Rfe1 Bxd4 26. exd4 Rd5 27. f3 Rbd8 28. fxe4 Rxd4 29. Qe2 Rxd1 30. Rxd1 Rxd1+ 31. Qxd1 fxe4 32. Qd8+ Qf8 33. Qxf8+ Kxf8 34. Bxe4 Ke7 35. Kf2 Kd6 36. Ke3 Kc5 37. Kd3 Kb4 38. Kc2 Ka3 39. Kb1 a5 40. Bc6 Be6 41. h4 Bf5+ 42. Ka1 h6 43. Bb5 g5 44. Be2 gxh4 45. gxh4 Bd7 46. Bd1 Bf5 47. Be2 Bd7 48. Bd3 Be6 49. Bc2 Bd7 50. Kb1 Be6 51. Bd3 Bd7 52. Kc2 a4 53. Bc4 axb3+ 54. Bxb3 Bf5+ 55. Kc3 Bg4 56. Kd4 Be2 57. Ke5 h5 58. Kf6 Bg4 59. Kg5 Be2 60. Bf7 Bd1 61. Bxh5 Bc2 62. Bg6 Bd1 63. Bf7 Be2 64. Be6 1-0


[Site "https://www.chess.com"]

[Event "Titled Tuesday Blitz May 30 Early 2023"]
[White "Fiedorek, Michal"]
[Black "Molina, Roberto Junio Brito"]
[WhiteFideId "1199528"]
[BlackFideId "2109450"]
[WhiteElo "2135"]
[BlackElo "2376"]
[Result "0-1"]
[Round "04"]
[TimeControl "180+2"]
[Date "2023.05.30"]
[WhiteClock "0:00:00"]
[BlackClock "0:01:16"]

1. d4 d5 2. Nf3 Nf6 3. g3 e6 4. Bg2 b5 5. O-O Bb7 6. Nbd2 Be7 7. Ne5 O-O 8. Nd3 Nbd7 9. Re1 c5 10. dxc5 Nxc5 11. Nxc5 Bxc5 12. c4 Qb6 13. e3 dxc4 14. Bxb7 Qxb7 15. Qc2 Rac8 16. b3 cxb3 17. Qxb3 a6 18. Bb2 Ne4 19. Nxe4 Qxe4 20. Rac1 Qb4 21. Qc2 h6 22. Bd4 Bxd4 23. Qxc8 Qxe1+ 24. Rxe1 Rxc8 25. exd4 Rc2 26. a4 bxa4 27. Ra1 Rc4 28. Kf1 Rxd4 29. Ke2 e5 30. Ke3 f6 31. Rb1 a3 32. Ra1 Ra4 33. Kd3 Kf7 34. Kc3 Ke6 35. Kb3 Ra5 36. Kb4 Rb5+ 37. Kc4 Rb2 38. Rxa3 Rxf2 39. Rxa6+ Kf5 40. Ra7 g5 41. h4 gxh4 42. gxh4 Rf4+ 43. Kd3 Rxh4 44. Ke3 Rh3+ 45. Kf2 h5 46. Ra4 Rd3 0-1


[Site "https://www.chess.com"]

[Event "Titled Tuesday Blitz May 30 Early 2023"]
[White "Sanhueza, Cristian"]
[Black "Mahdavi, Reza"]
[WhiteFideId "116815"]
[BlackFideId "12595926"]
[WhiteElo "2174"]
[BlackElo "2352"]
[Result "0-1"]
[Round "04"]
[TimeControl "180+2"]
[Date "2023.05.30"]
[WhiteClock "0:00:02"]
[BlackClock "0:00:18"]

1. e4 c5 2. Nf3 d6 3. d4 cxd4 4. Nxd4 Nf6 5. Nc3 a6 6. Be3 Ng4 7. Bc1 Nc6 8. Be2 Qb6 9. Bxg4 Bxg4 10. Qxg4 Qxd4 11. Be3 Qb4 12. O-O-O e6 13. f4 Rc8 14. Rhe1 Na5 15. Nd5 Qxe4 16. Bc5 Qg6 17. Qxg6 hxg6 18. Bb6 Nc6 19. h3 Be7 20. Nxe7 Kxe7 21. c3 Rh5 22. Re3 Rb5 23. Bd4 f6 24. Rg3 Kf7 25. Bf2 Rd8 26. Rgd3 d5 27. g4 Ne7 28. Kc2 Rc8 29. a4 Ra5 30. b3 Rc6 31. h4 b5 32. Kb2 bxa4 33. b4 Rb5 34. Ka3 Rc4 35. Bc5 Rxf4 36. g5 Rxh4 37. gxf6 gxf6 38. Re1 Nc6 39. Rde3 e5 40. Rd1 Ke6 41. c4 Rxc4 42. Rg3 g5 43. Rh3 Nxb4 44. Bxb4 Rcxb4 45. Rh6 Rb3+ 46. Kxa4 Rf3 47. Rh8 Rc5 48. Rb1 Rc4+ 49. Ka5 Rc6 50. Re8+ Kf5 51. Rd8 Ra3+ 52. Kb4 Rb6+ 53. Kxa3 Rxb1 54. Rxd5 g4 55. Rd1 Rxd1 0-1


[Site "https://www.chess.com"]

[Event "Titled Tuesday Blitz May 30 Early 2023"]
[White "Djordjevic, Vuk"]
[Black "Kovalevsky, Stanislav"]
[WhiteFideId "902098"]
[BlackFideId "13508598"]
[WhiteElo "2452"]
[BlackElo "2174"]
[Result "1-0"]
[Round "04"]
[TimeControl "180+2"]
[Date "2023.05.30"]
[WhiteClock "0:00:51"]
[BlackClock "0:00:17"]

1. e4 e6 2. d4 d5 3. Nd2 dxe4 4. Nxe4 Nf6 5. Bg5 Be7 6. Nxf6+ gxf6 7. Be3 a6 8. Be2 Bd7 9. Nf3 Bc6 10. O-O Rg8 11. c4 Qd6 12. Qd3 f5 13. d5 exd5 14. Qxf5 Nd7 15. Rad1 O-O-O 16. cxd5 Bb5 17. Bxb5 axb5 18. Bf4 Qg6 19. Qh3 Kb8 20. Rfe1 Bf6 21. d6 c6 22. b3 h5 23. Ne5 Bxe5 24. Rxe5 Nxe5 25. Bxe5 Qg4 26. Qxg4 hxg4 27. d7+ Ka7 28. Bc7 b6 29. Rd4 Kb7 30. Bxd8 Rxd8 31. Rxg4 Rxd7 32. h4 Rd1+ 33. Kh2 Rd2 34. h5 Rxa2 35. h6 Ra8 36. Rf4 c5 37. Rxf7+ Kc6 38. Rf6+ Kc7 39. g4 c4 40. bxc4 bxc4 41. g5 b5 42. g6 c3 43. Rf3 b4 44. Rf4 Rb8 45. g7 Kd6 46. h7 c2 47. g8=Q Rxg8 48. hxg8=Q c1=Q 49. Qd8+ Ke5 50. Qd4+ Ke6 51. Rf6+ Ke7 52. Qd6+ Ke8 53. Rf8# 1-0


[Site "https://www.chess.com"]

[Event "Titled Tuesday Blitz May 30 Early 2023"]
[White "Wagner, Dennis"]
[Black "Vivas Zamora, Fabian Ernesto"]
[WhiteFideId "24650684"]
[BlackFideId "3902480"]
[WhiteElo "2478"]
[BlackElo "2244"]
[Result "1-0"]
[Round "04"]
[TimeControl "180+2"]
[Date "2023.05.30"]
[WhiteClock "0:00:09"]
[BlackClock "0:00:00"]

1. e4 c5 2. Nf3 d6 3. Bb5+ Bd7 4. Bxd7+ Qxd7 5. c4 g6 6. Nc3 Bg7 7. d4 cxd4 8. Nxd4 Nf6 9. f3 O-O 10. Be3 Nc6 11. Rc1 Rab8 12. O-O a6 13. a4 Rfc8 14. b3 Ne8 15. Nde2 Nc7 16. Bb6 Na8 17. Be3 Nc7 18. Nd5 Nxd5 19. exd5 Ne5 20. a5 Qd8 21. Bb6 Qe8 22. Ba7 Ra8 23. Bd4 Bh6 24. f4 Nd7 25. Ng3 Qd8 26. Qg4 Nc5 27. Nf5 Bf8 28. Qh3 Nxb3 29. Qxb3 Qxa5 30. Rfe1 b5 31. Nxe7+ Bxe7 32. Rxe7 bxc4 33. Qh3 Qxd5 34. Bc3 Re8 35. Qh6 1-0


[Site "https://www.chess.com"]

[Event "Titled Tuesday Blitz May 30 Early 2023"]
[White "Zenin, Dmitry"]
[Black "Ashraf, Artin"]
[WhiteFideId "4127897"]
[BlackFideId "22514805"]
[WhiteElo "2215"]
[BlackElo "2188"]
[Result "1/2-1/2"]
[Round "04"]
[TimeControl "180+2"]
[Date "2023.05.30"]
[WhiteClock "0:00:11"]
[BlackClock "0:00:30"]

1. d4 d5 2. c4 e6 3. Nc3 Bb4 4. Qb3 Ba5 5. Nf3 h6 6. e3 Nf6 7. Bd2 O-O 8. Bd3 c6 9. O-O Nbd7 10. Rfd1 b6 11. cxd5 cxd5 12. Rac1 a6 13. a4 Bb7 14. Qa3 Bxc3 15. Bxc3 a5 16. b4 Ba6 17. Bxa6 Rxa6 18. b5 Ra7 19. Bb2 Nb8 20. Ne5 Ne4 21. Nc6 Nxc6 22. Rxc6 Qh4 23. g3 Qh5 24. Qd3 Ng5 25. h4 Nf3+ 26. Kg2 Qg4 27. Rh1 g5 28. hxg5 Nxg5 29. Rh4 Qf3+ 30. Kg1 Raa8 31. Qc2 Kg7 32. Ba3 Rfc8 33. Be7 Ne4 34. Rf4 Rxc6 35. bxc6 Qh5 36. c7 Rc8 37. Bd8 Ng5 38. Kg2 Qh3+ 39. Kg1 Qh5 40. Kg2 Qh3+ 41. Kg1 Qh5 1/2-1/2


[Site "https://www.chess.com"]

[Event "Titled Tuesday Blitz May 30 Early 2023"]
[White "Vlassov, Nikolai"]
[Black "Szyszylo, Rafal"]
[WhiteFideId "4103360"]
[BlackFideId "1109626"]
[WhiteElo "2324"]
[BlackElo "1951"]
[Result "0-1"]
[Round "04"]
[TimeControl "180+2"]
[Date "2023.05.30"]
[WhiteClock "0:00:00"]
[BlackClock "0:00:15"]

1. e4 d6 2. f4 Nf6 3. Nc3 g6 4. e5 dxe5 5. fxe5 Nd5 6. Nf3 Nxc3 7. bxc3 Bg7 8. d4 c5 9. Bc4 O-O 10. O-O Bg4 11. Be3 Nc6 12. Rb1 Qc7 13. h3 Bxf3 14. Qxf3 e6 15. Bb5 cxd4 16. cxd4 Ne7 17. c4 a6 18. Ba4 Qxc4 19. Rxb7 Nf5 20. Bb3 Qd3 21. Bf2 Qxf3 22. gxf3 Rfd8 23. Rd1 Rab8 24. Ra7 Ra8 25. Rxa8 Rxa8 26. d5 exd5 27. Rxd5 Re8 28. f4 Bh6 29. Rd7 Re7 30. Rd8+ Kg7 31. Bc5 Bxf4 32. Bxe7 Nxe7 33. Rd7 Kf8 34. e6 fxe6 35. Bxe6 a5 36. Kg2 h5 37. Kf3 g5 38. Ke4 Bg3 39. Ra7 Be1 40. Ke5 Bc3+ 41. Kd6 Bb4+ 42. Kd7 Kg7 43. Ra6 Kf6 44. Bg4+ Ke5 45. Bxh5 Nd5 46. Bg4 Nc3 47. Kc6 Nxa2 48. Kb5 Nc3+ 49. Kc4 Ne4 50. Re6+ Kf4 51. Re8 Nd6+ 52. Kd5 Nxe8 53. Ke6 Bc3 0-1


[Site "https://www.chess.com"]

[Event "Titled Tuesday Blitz May 30 Early 2023"]
[White "Dehtiarov, Roman"]
[Black "Toktomushev, Teimur"]
[WhiteFideId "14186640"]
[BlackFideId "14176726"]
[WhiteElo "2189"]
[BlackElo "2116"]
[Result "1-0"]
[Round "04"]
[TimeControl "180+2"]
[Date "2023.05.30"]
[WhiteClock "0:00:34"]
[BlackClock "0:00:00"]

1. c4 e6 2. Nc3 d5 3. e3 Nf6 4. Nf3 Be7 5. b3 O-O 6. Bb2 b6 7. g3 Bb7 8. cxd5 Nxd5 9. Bg2 c5 10. O-O Nd7 11. Qe2 a6 12. Rfd1 Rc8 13. Rac1 Qc7 14. Nxd5 Bxd5 15. d4 Qb7 16. Ne1 Bxg2 17. Nxg2 Rfd8 18. Nf4 Nf6 19. dxc5 Rxd1+ 20. Qxd1 bxc5 21. Qe2 h6 22. Rc4 Qb5 23. e4 Rd8 24. f3 Qa5 25. Bc3 Qa3 26. Qc2 a5 27. Ra4 1-0


[Site "https://www.chess.com"]

[Event "Titled Tuesday Blitz May 30 Early 2023"]
[White "Jovic, Stanoje"]
[Black "Sourath Biswas"]
[WhiteFideId "905020"]
[BlackFideId "35091484"]
[WhiteElo "2236"]
[BlackElo "2171"]
[Result "1-0"]
[Round "04"]
[TimeControl "180+2"]
[Date "2023.05.30"]
[WhiteClock "0:00:26"]
[BlackClock "0:00:04"]

1. c4 Nf6 2. g3 g6 3. Bg2 Bg7 4. Nc3 O-O 5. Nf3 d6 6. O-O e5 7. d3 Re8 8. e4 c6 9. h3 d5 10. Bg5 dxc4 11. dxc4 h6 12. Be3 Be6 13. Qe2 Nbd7 14. Rfd1 Qe7 15. b3 Nc5 16. Nxe5 Nfxe4 17. Nxe4 Nxe4 18. Bxe4 Bxe5 19. Rac1 Bxh3 20. Bxh6 Bxg3 21. fxg3 Qxe4 22. Qxe4 Rxe4 23. Re1 Rae8 24. Rxe4 Rxe4 25. Kf2 f6 26. Be3 Bg4 27. Rc2 a5 28. a4 Bd1 29. Rc3 Kf7 30. Ke1 Bg4 31. Kd2 Re5 32. Rd3 b5 33. Rd6 bxc4 34. bxc4 Re6 35. Rxe6 Bxe6 36. Kc3 Bg4 37. Kb3 Bd1+ 38. Ka3 Ke6 39. Bb6 Kf5 40. Bxa5 Be2 41. Kb4 Kg4 42. Bc7 f5 43. a5 g5 44. a6 Kf3 45. Kc5 f4 46. gxf4 g4 47. f5 g3 48. Bxg3 Kxg3 49. a7 1-0


[Site "https://www.chess.com"]